 Dungeon Crawl Stone Soup version 0.27.0-1-g7a08968 (webtiles) character file.

Game seed: 9060958805636266920

200 Ayyar the Grasshopper (level 5, -1/43 HPs)
             Began as a Gnoll Warper on Jan 21, 2022.
             Was a Believer of Nemelex Xobeh.
             Slain by an ogre (23 damage)
             ... on level 4 of the Dungeon.
             The game lasted 00:10:13 (4220 turns).

Ayyar the Grasshopper (Gnoll Warper)                Turns: 4220, Time: 00:10:14

Health: -1/43      AC:  5    Str: 12    XL:     5   Next: 78%
Magic:  12/12      EV: 11    Int: 12    God:    Nemelex Xobeh [**....]
Gold:   155        SH:  0    Dex: 11    Spells: 9/14 levels left

rFire    . . .     SeeInvis .   a - +0 falchion
rCold    + . .     Faith    .   (no shield)
rNeg     . . .     Spirit   .   j - +0 ring mail
rPois    .         Reflect  .   (no helmet)
rElec    .         Harm     .   (no cloak)
rCorr    .         Rampage  .   (no gloves)
Will     .....                  (no boots)
Stlth    +.........             (no amulet)
HPRegen  0.14/turn              k - ring of protection from cold
MPRegen  0.13/turn              q - ring of wizardry

@: no status effects
A: fangs 1, strong nose, distributed training
a: Renounce Religion, Draw Escape, Draw Destruction, Draw Summoning


You were on level 4 of the Dungeon.
You worshipped Nemelex Xobeh.
Nemelex Xobeh was pleased with you.
You visited 1 branch of the dungeon, and saw 4 of its levels.

You collected 155 gold pieces.

Inventory:

Hand Weapons
 a - a +0 falchion (weapon)
Missiles
 d - 5 boomerangs of dispersal
 l - 3 boomerangs (quivered)
 p - 7 curare-tipped darts
Armour
 j - a +0 ring mail (worn)
 n - a +0 chain mail
 r - a +0 tower shield
Jewellery
 k - a ring of protection from cold (left hand)
 q - a ring of wizardry (right hand)
Scrolls
 c - 2 scrolls of blinking
 e - a scroll of silence {unknown}
 f - a scroll of fear {unknown}
 o - 3 scrolls of identify {unknown}
 s - a scroll of enchant armour {unknown}
Potions
 b - 2 potions of brilliance {unknown}
 g - 2 potions of might {unknown}
 h - 3 potions of curing {unknown}
 i - 2 potions of attraction {unknown}
 m - 2 potions of berserk rage {unknown}
 t - a potion of mutation {unknown}
 u - a potion of degeneration {unknown}


   Skills:
 + Level 4.8 Fighting
 + Level 1.6 Short Blades
 + Level 4.8 Long Blades
 + Level 1.6 Axes
 + Level 1.6 Maces & Flails
 + Level 1.6 Polearms
 + Level 1.6 Staves
 + Level 1.6 Slings
 + Level 1.6 Bows
 + Level 1.6 Crossbows
 + Level 3.0 Throwing
 + Level 3.0 Armour
 + Level 4.8 Dodging
 + Level 1.6 Stealth
 + Level 1.6 Shields
 + Level 1.6 Unarmed Combat
 + Level 5.2 Spellcasting
 + Level 1.3 Conjurations
 + Level 1.3 Hexes
 + Level 1.3 Summonings
 + Level 1.3 Necromancy
 + Level 5.6 Translocations
 + Level 1.3 Transmutations
 + Level 1.3 Fire Magic
 + Level 1.3 Ice Magic
 + Level 1.3 Air Magic
 + Level 1.3 Earth Magic
 + Level 1.3 Poison Magic
 + Level 1.8 Invocations
 + Level 1.6 Evocations


You had 9 spell levels left.
You knew the following spells:

 Your Spells              Type           Power      Damage    Failure   Level
a - Blink                 Tloc           N/A        N/A       2%          2
b - Teleport Other        Tloc           16%        N/A       5%          3

Your spell library contained the following spells:

 Spells                   Type           Power      Damage    Failure   Level
 Gell's Gravitas          Tloc           8%         N/A       5%          3
 Lesser Beckoning         Tloc           8%         N/A       5%          3
 Passwall                 Tmut/Erth      5%         N/A       16%         2
 Ignite Poison            Fire/Tmut/Pois 6%         N/A       28%         3
 Mephitic Cloud           Conj/Pois/Air  6%         N/A       28%         3
 Swiftness                Air            6%         N/A       28%         3
 Manifold Assault         Tloc           16%        N/A       41%         5
 Bolt of Magma            Conj/Fire/Erth 3%         4d5       92%         5
 Invisibility             Hex            3%         N/A       100%        6


Dungeon Overview and Level Annotations

Branches:
Dungeon (4/15)
 Temple: D:4-7

Altars:
Nemelex Xobeh


Innate Abilities, Weirdness & Mutations

You have very sharp teeth.
Your uncanny sense of smell can sniff out nearby items.
Your experience applies equally to all skills.


Message History

Found a bubbling cyan potion.
Cast which spell? (? or * to list)
Aiming: Teleport Other (dangerous; 5% risk of failure)
Press: ? - help, Shift-Dir - straight line, f - ogre
Aim: an ogre, wielding a +0 giant spiked club (chance to affect: 53%)
The ogre looks slightly unstable.
The ogre barely misses you.
Casting: Teleport Other (dangerous; 5% risk of failure)
Confirm with . or Enter, or press ? or * to list all spells.
Aiming: Teleport Other (dangerous; 5% risk of failure)
Press: ? - help, Shift-Dir - straight line, f/p - ogre
Aim: an ogre, wielding a +0 giant spiked club (chance to affect: 53%)
The ogre resists with significant effort.
Casting: Teleport Other (dangerous; 5% risk of failure)
Confirm with . or Enter, or press ? or * to list all spells.
Aiming: Teleport Other (dangerous; 5% risk of failure)
Press: ? - help, Shift-Dir - straight line, f/p - ogre
Aim: an ogre, wielding a +0 giant spiked club (chance to affect: 53%)
The ogre resists with significant effort.
The ogre disappears!
u - a bubbling cyan potion You start resting.
Magic restored.
Okay, then.
An ogre is nearby!
You barely miss the ogre. You bite the ogre, but do no damage.
The ogre barely misses you.
You riposte.
You hit the ogre. You bite the ogre, but do no damage.
The ogre is lightly wounded.
You hit the ogre.
The ogre is lightly wounded.
The ogre hits you with a +0 giant spiked club!!
You hit the ogre.
The ogre is moderately wounded.
The ogre completely misses you.
You hit the ogre.
The ogre is heavily wounded.
The ogre hits you with a +0 giant spiked club!!
Ouch! That really hurt!
You die...
Your body disappears without a glow.

#.# ####.#### ##....... #.# #.#
##.##### #.# #.# #.# #.#
#.########## #<# #.# #.#........#
#'## #.# #......###.##...##
####.# ###.##.# #.#.....###
###.##.##### #....###..>.....##
...........#####@...............#
.....>.........O................'
##...#.###.#####...####.........#
#...#.# #.# #..## ##.......##
#.....# #.# #.## ##.....##
#.#.#####.# .... ##...##
#.........# ..... ##'##
##.#.####### ...... #.# .....#
..... #.#


You could see an ogre.

Vanquished Creatures
  A bullfrog skeleton (D:4)
  A hound skeleton (D:4)
  A howler monkey zombie (D:4)
  4 gnolls
  3 adders (D:2)
  A worm (D:2)
  A dart slug (D:4)
  2 orcs (D:4)
  5 bats
  9 endoplasms
  4 giant cockroaches
  5 goblins
  12 hobgoblins
  2 jackals (D:4)
  A quokka (D:1)
  5 ball pythons
  4 frilled lizards
  7 kobolds
  7 rats
75 creatures vanquished.

Vanquished Creatures (others)
  A plant (D:1)
1 creature vanquished.

Grand Total: 76 creatures vanquished

Notes
Turn   | Place    | Note
-------+----------+-------------------------------------------
     0 | D:1      | Ayyar the Gnoll Warper began the quest for the Orb.
     0 | D:1      | Reached XP level 1. HP: 20/20 MP: 6/6
    68 | D:1      | Reached XP level 2. HP: 11/26 MP: 7/7
   259 | D:1      | Found a faded altar of an unknown god.
   266 | D:1      | Became a worshipper of Nemelex Xobeh the Trickster
   266 | D:1      | Reached * piety under Nemelex Xobeh
   952 | D:1      | Received a gift from Nemelex Xobeh
  1076 | D:1      | Reached XP level 3. HP: 31/31 MP: 9/9
  1292 | D:1      | Reached skill level 5 in Spellcasting
  1556 | D:2      | Reached skill level 1 in Invocations
  1709 | D:2      | Reached skill level 1 in Short Blades
  1709 | D:2      | Reached skill level 1 in Axes
  1709 | D:2      | Reached skill level 1 in Maces & Flails
  1709 | D:2      | Reached skill level 1 in Polearms
  1709 | D:2      | Reached skill level 1 in Staves
  1709 | D:2      | Reached skill level 1 in Slings
  1709 | D:2      | Reached skill level 1 in Bows
  1709 | D:2      | Reached skill level 1 in Crossbows
  1709 | D:2      | Reached skill level 1 in Stealth
  1709 | D:2      | Reached skill level 1 in Shields
  1709 | D:2      | Reached skill level 1 in Unarmed Combat
  1709 | D:2      | Reached skill level 1 in Evocations
  1783 | D:2      | Reached XP level 4. HP: 30/38 MP: 11/11
  2001 | D:2      | Reached ** piety under Nemelex Xobeh
  2380 | D:2      | Reached skill level 1 in Conjurations
  2380 | D:2      | Reached skill level 1 in Hexes
  2380 | D:2      | Reached skill level 1 in Summonings
  2380 | D:2      | Reached skill level 1 in Necromancy
  2380 | D:2      | Reached skill level 1 in Transmutations
  2380 | D:2      | Reached skill level 1 in Fire Magic
  2380 | D:2      | Reached skill level 1 in Ice Magic
  2380 | D:2      | Reached skill level 1 in Air Magic
  2380 | D:2      | Reached skill level 1 in Earth Magic
  2380 | D:2      | Reached skill level 1 in Poison Magic
  2383 | D:2      | Learned a level 2 spell: Blink
  2594 | D:3      | Reached XP level 5. HP: 42/43 MP: 12/12
  2900 | D:3      | Received a gift from Nemelex Xobeh
  3523 | D:4      | Learned a level 3 spell: Teleport Other
  4120 | D:4      | Noticed an ogre
  4220 | D:4      | Slain by an ogre

Illustrated notes

Levels and vault maps discovered:
D:1:      tarquinn_simple_flora_water_b, layout_basic,
          chequers_ecumenical_altar_simple_redux
D:2:      layout_loops_ring, kennysheep_generic_room_11
D:3:      layout_rooms, chequers_arboretum
D:4:      layout_loops_corners, hangedman_decor_slide_cut

Skill      XL: |  1  2  3  4  5 |
---------------+----------------+-----
Spellcasting   | 5 |  5.2
Invocations    | 1 |  1.8
Short Blades   | 1 |  1.6
Axes           | 1 |  1.6
Maces & Flails | 1 |  1.6
Polearms       | 1 |  1.6
Staves         | 1 |  1.6
Slings         | 1 |  1.6
Bows           | 1 |  1.6
Crossbows      | 1 |  1.6
Stealth        | 1 |  1.6
Shields        | 1 |  1.6
Unarmed Combat | 1 |  1.6
Evocations     | 1 |  1.6
Conjurations   | 1 |  1.3
Hexes          | 1 |  1.3
Summonings     | 1 |  1.3
Necromancy     | 1 |  1.3
Transmutations | 1 |  1.3
Fire Magic     | 1 |  1.3
Ice Magic      | 1 |  1.3
Air Magic      | 1 |  1.3
Earth Magic    | 1 |  1.3
Poison Magic   | 1 |  1.3
Throwing       | 3 |  3.0
Armour         | 3 |  3.0
Fighting       | |  4.8
Long Blades    | |  4.8
Dodging        | |  4.8
Translocations | |  5.6

Action                   |  1- 3 |  4- 6 || total
-------------------------+-------+-------++-------
Melee: Falchion          |   103 |   140 ||   243
       Bite              |     6 |    19 ||    25
Throw: Boomerang         |     3 |    14 ||    17
 Cast: Teleport Other    |       |     3 ||     3
 Stab: Sleeping          |     1 |     1 ||     2
Armor: Leather armour    |    17 |       ||    17
       Ring mail         |    13 |    46 ||    59
Dodge: Dodged            |    53 |    84 ||   137
       Rpst.: Falchion   |    21 |    29 ||    50
